 Dungeon Crawl Stone Soup version 0.25.0-10-g039870ee82 (webtiles) character file.

Game seed: 2776369410034937870

128 mortelune the Caller (level 5, -5/35 HPs)
             Began as a Barachi Summoner on June 22, 2020.
             Shot with an arrow by a centaur (13 damage)
             ... on level 4 of the Dungeon.
             The game lasted 00:06:17 (4184 turns).

mortelune the Caller (Barachi Summoner)             Turns: 4184, Time: 00:06:18

Health: -5/35      AC:  5    Str:  9    XL:     5   Next: 12%
Magic:  2/10       EV: 12    Int: 17    God:
Gold:   166        SH:  0    Dex: 12    Spells: 0/10 levels left

rFire    . . .     SeeInvis .   e - +0 whip
rCold    . . .     Gourm    .   (no shield)
rNeg     . . .     Faith    .   a - +0 robe
rPois    .         Spirit   .   (no helmet)
rElec    .         Reflect  .   b - +1 cloak
rCorr    .         Harm     .   f - +0 pair of gloves
MR       .....                  (no boots)
Stlth    ++........             (no amulet)
HPRegen  0.11/turn              (no ring)
MPRegen  0.12/turn              (no ring)

@: lethally poisoned (-5 -> -9), slow
A: +LOS, swims, slowness 1, strong legs 1
a: Hop


You were on level 4 of the Dungeon.
You were hungry.

You visited 1 branch of the dungeon, and saw 4 of its levels.

You collected 166 gold pieces.

Inventory:

Hand Weapons
 e - a +0 whip (weapon)
Missiles
 d - 6 datura-tipped darts (quivered)
 k - 10 poisoned darts
Armour
 a - a +0 robe (worn)
 b - a +1 cloak (worn)
 f - a +0 pair of gloves (worn)
Scrolls
 h - 3 scrolls of magic mapping {unknown}
 l - a scroll of teleportation {unknown}
 o - a scroll of remove curse
 p - a scroll of enchant armour {unknown}
Potions
 g - 3 potions of curing
 j - a potion of invisibility {unknown}
 m - a potion of flight
 n - a potion of cancellation
Comestibles
 c - 5 rations


   Skills:
 - Level 2.1 Dodging
 - Level 1.7 Stealth
 + Level 3.4 Spellcasting
 + Level 6.7 Summonings
 + Level 0.4 Ice Magic


You couldn't memorise any spells.
You knew the following spells:

 Your Spells              Type           Power        Failure   Level  Hunger
a - Summon Small Mammal   Summ           ####         1%          1    None
b - Call Imp              Summ           ####....     1%          2    ##.....
c - Call Canine Familiar  Summ           ####....     3%          3    ###....
d - Summon Ice Beast      Ice/Summ       ###.....     36%         4    ####...

Your spell library contained the following spells:

 Spells                   Type           Power        Failure   Level  Hunger
 Summon Guardian Golem    Hex/Summ       ##......     13%         3    ###....
 Summon Lightning Spire   Summ/Air       ##......     38%         4    ####...


Dungeon Overview and Level Annotations

Branches:
Dungeon (4/15)             Temple (0/1) D:4

Altars:
Fedhas
Gozag
Makhleb
Nemelex Xobeh
Vehumet
Zin

Annotations:
D:3 Sigmund
D:4 Menkaure


Innate Abilities, Weirdness & Mutations

You can be seen from farther away. (+LOS)
You can swim through water.
You cover ground slowly.
You can hop short distances.


Message History

r - Retreat! s - Stop attacking. g - Guard the area. f - Follow me.
Anything else - Cancel.
Gang up on whom?
Press: ? - help, Dir - move target cursor, f - centaur
Aim: a centaur, wielding a +0 shortbow and quivering 14 arrows (moderately wounded) Attack!
You feel sick.
The centaur shoots an arrow.
The arrow barely misses your white imp. The arrow completely misses your hound.
The arrow misses you.
The centaur unwields a +0 shortbow.
The centaur hits your white imp.
Your white imp hits the centaur but does no damage.
Casting: Call Imp (safe; 1% risk of failure)
Confirm with . or Enter, or press ? or * to list all spells.
Your hound disappears in a puff of smoke!
Something hits your white imp.
The centaur wields a +0 shortbow.
The centaur shoots an arrow.
The arrow hits your white imp!
Your white imp dies!
You feel sick.
The centaur wields a +0 shortbow.
The centaur shoots an arrow.
The arrow hits you!
You die...

# # .. .# . ##.
.###.. # ..#.##.
..(... #...# ##.
##.8.## #..##.@...#
#.##..#.#..#
#(...##.## .(.
#.h.##..$##...#
#c8c...>....8.
######...##...##...
#...(.....# .##...
#......##..#.#..#
#......(##.....#


You could see 2 centaurs and a friendly hound (summoned).

Vanquished Creatures
  An ooze (D:1)
  4 dart slugs
  2 leopard geckos (D:3)
  An orc (D:3)
  4 bats
  2 giant cockroaches
  10 goblins
  7 hobgoblins
  3 frilled lizards (D:1)
  5 kobolds
  2 rats
41 creatures vanquished.

Vanquished Creatures (collateral kills)
  An iguana (D:3)
  A worker ant (D:4)
  4 adders
  3 worms
  A leopard gecko (D:2)
  3 bats
  A giant cockroach (D:3)
  A kobold (D:1)
  A quokka (D:2)
  A ball python (D:4)
  A rat (D:1)
18 creatures vanquished.

Grand Total: 59 creatures vanquished

Notes
Turn   | Place    | Note
-------+----------+-------------------------------------------
     0 | D:1      | mortelune the Barachi Summoner began the quest for the Orb.
     0 | D:1      | Reached XP level 1. HP: 13/13 MP: 3/3
   219 | D:1      | Reached skill level 5 in Summonings
   368 | D:1      | Reached XP level 2. HP: 19/19 MP: 5/5
   630 | D:1      | Learned a level 2 spell: Call Imp
   962 | D:1      | Reached XP level 3. HP: 24/24 MP: 7/7
   967 | D:1      | Learned a level 3 spell: Call Canine Familiar
  1973 | D:2      | Reached skill level 6 in Summonings
  2064 | D:2      | Reached XP level 4. HP: 30/30 MP: 8/8
  2252 | D:2      | Found a blossoming altar of Fedhas.
  2525 | D:3      | Found a sparkling altar of Nemelex Xobeh.
  2525 | D:3      | Found an opulent altar of Gozag.
  2745 | D:3      | Found a radiant altar of Vehumet.
  2907 | D:3      | Noticed Sigmund
  3680 | D:3      | Found a glowing silver altar of Zin.
  3701 | D:3      | Found a burning altar of Makhleb.
  3818 | D:3      | Reached XP level 5. HP: 33/35 MP: 7/10
  4062 | D:4      | Noticed Menkaure
  4063 | D:4      | Noticed a centaur
  4072 | D:3      | Learned a level 4 spell: Summon Ice Beast
  4164 | D:4      | Found a staircase to the Ecumenical Temple.
  4164 | D:4      | Noticed a centaur
  4184 | D:4      | Shot with an arrow by a centaur

Illustrated notes

Levels and vault maps discovered:
D:1:      tarquinn_simple_flora_water_a, layout_basic, corexii_hall_statues_u
D:2:      layout_loops_ring, fedhas_ov_isle_minmay
D:3:      layout_loops_corners, grunt_temple_overflow_opulence,
          nicolae_overflow_crystal_walls, lemuel_doored_altar, first_ration,
          bloody_makhleb, uniq_sigmund
D:4:      kennysheep_spiral_hall, layout_rooms, minmay_temple_entry_waves,
          serial_shops, kennysheep_mini, minmay_manual_mares, uniq_menkaure

Skill      XL: |  1  2  3 |
---------------+----------+-----
Summonings     | 5 6 |  6.7
Spellcasting   | 3 |  3.4
Dodging        | |  2.1
Stealth        | |  1.7
Ice Magic      | |  0.4

Action                   |  1- 3 |  4- 6 || total
-------------------------+-------+-------++-------
Melee: Unarmed           |    40 |       ||    40
       Whip              |   111 |    85 ||   196
 Cast: Summon Small Mamm |     3 |       ||     3
       Call Canine Famil |     2 |     7 ||     9
       Call Imp          |       |     2 ||     2
  Use: Scroll            |     2 |     4 ||     6
 Stab: Sleeping          |     3 |     2 ||     5
  Eat: Chunk             |     5 |     7 ||    12
Armor: Robe              |    52 |    35 ||    87
Dodge: Dodged            |   133 |    90 ||   223
